AoeStats
← fluffyfro

Arabia

504286105Analyzed
1v1 RM · 26d ago on Sep 4, 2026· 44m 40s· 2 players
Game mode
Random Map
Map size
Tiny (2 player)
Population
200
Speed
Normal
Resources
Standard
Victory
Conquest
Starting age
Dark Age
Ending age
Imperial Age
RankedLock teamsTeams togetherTeam positionsShared explorationLock speedFull tech treeHidden civsTurbo modeCheats
Victory
Defeat
🇺🇸 Magyars · United States
1080
+17
🇦🇷 Sicilians · Argentina
1106
-17
fluffyfro
6:54 Loom
9:32 Feudal Age
10:26 Double-Bit Axe
21:08 Castle Age
20:33 Fletching
20:43 Padded Archer Armor
21:16 Horse Collar
22:28 Bow Saw
22:39 Bodkin Arrow
29:37 Thumb Ring
30:29 Wheelbarrow
33:08 Leather Archer Armor
33:14 Hand Cart
33:12 Heavy Plow
38:49 Imperial Age
43:52 Parthian Tactics
44:35 Heavy Cavalry Archer
Guidolo
5:02 Loom
10:15 Feudal Age
10:44 Town Watch
11:35 Double-Bit Axe
11:33 Horse Collar
13:35 Gold Mining
19:56 Fletching
20:38 Scale Mail Armor
21:38 Wheelbarrow
22:22 Forging
24:35 Castle Age
23:00 Stone Mining
23:13 Padded Archer Armor
24:28 Arson
25:43 Bodkin Arrow
25:22 Pikeman
26:41 Gold Shaft Mining
27:15 Chain Mail Armor
31:05 Squires
33:50 Iron Casting
35:51 Hand Cart
39:30 Ballistics
41:05 Masonry
43:52 Imperial Age
42:26 Leather Archer Armor
42:09 Murder Holes
Connection lost

Rejoining the realm…

Still unreachable

The connection could not be restored.

Session expired

The server has moved on; the page needs a fresh start.